 Dungeon Crawl Stone Soup version 0.29-a0-330-g52719c12eb (webtiles) character file.

Game seed: 13454839367841576285

57 kae the Firebug (level 3, 0/23 HPs)
             Began as a Demigod Fire Elementalist on Apr 30, 2022.
             Succumbed to Robin's poison
             ... on level 2 of the Dungeon.
             The game lasted 00:01:03 (2649 turns).

kae the Firebug (Demigod Fire Elementalist)         Turns: 2649, Time: 00:01:03

Health: 0/23       AC:  4    Str:  9    XL:     3   Next: 50%
Magic:  2/9        EV: 12    Int: 21    God:
Gold:   69         SH:  0    Dex: 14    Spells: 0/6 levels left

rFire   . . .      SeeInvis .   (no weapon)
rCold   . . .      Faith    .   (no shield)
rNeg    . . .      Spirit   .   a - +0 robe
rPois   .          Reflect  .   (no helmet)
rElec   .          Harm     .   (no cloak)
rCorr   .          Rampage  .   (no gloves)
Will    .....                   (no boots)
Stlth   ++........              (no amulet)
HPRegen 0.07/turn               (no ring)
MPRegen 0.11/turn               (no ring)

@: lethally poisoned (0 -> -16)
A: high MP 1, forlorn, divine attributes, iridescent scales 1, frail 1
a: no special abilities


You were on level 2 of the Dungeon.
You visited 1 branch of the dungeon, and saw 2 of its levels.

You collected 69 gold pieces.

Inventory:

Armour
 a - a +0 robe (worn)
Scrolls
 e - a scroll of magic mapping
 h - a scroll of identify
 j - a scroll of immolation {unknown}
 k - a scroll of teleportation {unknown}
Potions
 b - a potion of magic
 c - a potion of degeneration
 f - a potion of haste {unknown}
 g - a potion of brilliance {unknown}
 i - a potion of might {unknown}


   Skills:
 - Level 1.7 Dodging
 - Level 1.7 Stealth
 + Level 2.4 Spellcasting
 + Level 2.0 Conjurations
 + Level 3.3 Fire Magic


You couldn't memorise any spells.
You knew the following spells:

 Your Spells              Type           Power      Damage    Failure   Level
a - Foxfire               Conj/Fire      52%        2x1d6     4%          1
b - Scorch                Fire           32%        2d7       5%          2
c - Conjure Flame         Conj/Fire      13%        6-21      14%         3

Your spell library contained the following spells:

 Spells                   Type           Power      Damage    Failure   Level
 Inner Flame              Hex/Fire       9%         N/A       22%         3
 Flame Wave               Conj/Fire      13%        2d6       43%         4


Dungeon Overview and Level Annotations

Branches:
Dungeon (2/15)

Shops:
D:2 =


Innate Abilities, Weirdness & Mutations

You have an increased reservoir of magic. (+10% MP)
You shall have no god before yourself.
Your divine heritage dramatically boosts your attributes as you level up.
You are partially covered in iridescent scales. (AC +2)
You are frail. (-10% HP)


Message History

Robin is moderately wounded.
The foxfire hits Robin.
Robin is heavily wounded.
The foxfire hits Robin.
Robin is heavily wounded.
Robin zaps a wand.
You turn into a filthy swine.
Your +0 robe melds into your body.
You can't do that in your present form.
You can't do that in your present form.
You aren't carrying any items that you can evoke.
It was a potion of cancellation.
Your magical effects are unravelling.
You feel magically purged.
You feel less porcine.
Your +0 robe unmelds from your body.
Casting: Foxfire (safe; 4% risk of failure)
Confirm with . or Enter, or press ? or * to list all spells.
You conjure some foxfire!
The foxfire hits Robin.
Robin is severely wounded.
The foxfire hits Robin.
Robin is almost dead.
Robin hits you from afar with a +1 spear of venom.
You are poisoned.
Casting: Foxfire (safe; 4% risk of failure)
Confirm with . or Enter, or press ? or * to list all spells.
You conjure some foxfire!
You feel very sick.
Robin hits you from afar with a +1 spear of venom.
You are lethally poisoned!
You feel very sick.
The foxfire hits Robin.
You kill Robin!
Your Conjurations skill increases to level 2!
Casting: Foxfire (safe; 4% risk of failure)
Confirm with . or Enter, or press ? or * to list all spells.
You conjure some foxfire!
* * * LOW HITPOINT WARNING * * *
You feel very sick.
You die...

########## #####
#........# ##...##
#.######..
#.###..v..# #.#
##.... .§§§.).@..#
#.# #....#
#§###.v...# #.#
#..#.# ##...## #.#
#.....
##.#######.###....#
##..................
#.....####.####.##.#
#........##.# #.##.#
##.....#.##.# #.....
##...##.##.# ####.#


There were no monsters in sight!

Vanquished Creatures
  Robin (D:2)
  A ball python (D:2)
  An endoplasm (D:2)
  2 giant cockroaches (D:1)
  9 goblins (D:2)
  7 hobgoblins
  5 jackals
  2 kobolds (D:1)
  3 bats
  5 frilled lizards
  3 rats
39 creatures vanquished.

Vanquished Creatures (collateral kills)
  3 foxfires (D:1)
3 creatures vanquished.

Vanquished Creatures (others)
  5 demonic plants (D:2)
  153 foxfires
  7 fungi (D:2)
  3 plants (D:2)
  3 withered plants (D:2)
171 creatures vanquished.

Grand Total: 213 creatures vanquished

Notes
Turn   | Place    | Note
-------+----------+-------------------------------------------
     0 | D:1      | kae the Demigod Fire Elementalist began the quest for the
                  | Orb.
     0 | D:1      | Reached XP level 1. HP: 14/14 MP: 5/5
    49 | D:1      | Reached skill level 1 in Conjurations
   627 | D:1      | Reached XP level 2. HP: 20/20 MP: 4/7
  1012 | D:1      | Reached skill level 3 in Fire Magic
  1731 | D:2      | Gained mutation: You are partially covered in iridescent
                  | scales. (AC +2) [potion of mutation]
  1731 | D:2      | Gained mutation: You are frail. (-10% HP) [potion of
                  | mutation]
  2270 | D:2      | Found Lelytuy's Jewellery Emporium.
  2399 | D:2      | Reached XP level 3. HP: 23/23 MP: 7/9
  2402 | D:2      | Learned a level 2 spell: Scorch
  2406 | D:2      | Learned a level 3 spell: Conjure Flame
  2637 | D:2      | Noticed Robin
  2647 | D:2      | Killed Robin
  2649 | D:2      | Succumbed to Robin's poison

Illustrated notes

Levels and vault maps discovered:
D:1:      sevenhm_arrival_forest_fort_small_5, layout_basic,
          minmay_misc_feat_iff, nicolae_concentric_dashed_squares_wild,
          serial_bayou_lagoon_a, minmay_misc_feat_four_crosses
D:2:      layout_loops_corners, serial_shops, nicolae_shop_behind_doors,
          shapermc_ecumenical_altar_gd, uniq_robin

Skill      XL: |  1  2  3 |
---------------+----------+-----
Conjurations   | 1 2 |  2.0
Spellcasting   | 2 |  2.4
Fire Magic     | 3 |  3.3
Dodging        | |  1.7
Stealth        | |  1.7

Action                   || total
-------------------------++-------
Melee: Unarmed           ||    17
 Cast: Foxfire           ||    96
  Use: Scroll            ||     5
       Potion            ||     2
Armor: Robe              ||     6
Dodge: Dodged            ||    19

Table legend: (Time is in decaauts)
 A = Elapsed time spent in this place.
 B = Non-inter-level travel time spent in this place.
 C = Inter-level travel time spent in this place.
 D = Time resting spent in this place.
 E = Time spent auto-exploring this place.
 F = Levels seen in this place.
 G = Mean time per level.
                   A        B        C        D        E       F      G
               +--------+--------+--------+--------+--------+-----+--------+
         Total |   2657 |   2632 |     25 |    289 |   2031 |   2 | 1328.5 |
       Dungeon |   2657 |   2632 |     25 |    289 |   2031 |   2 | 1328.5 |
               +--------+--------+--------+--------+--------+-----+--------+

Top non-repeatable levels by time:
     D:1: 1716 daAuts
     D:2: 941 daAuts
